 Dungeon Crawl Stone Soup version 0.24.0-1-gfbc8707122 (webtiles) character file.

Game seed: 5211611382101721975, levelgen mode: deterministic

13 Oravi the Grave Robber (level 2, 0/22 HPs)
             Began as a Ghoul Necromancer on Oct 28, 2019.
             Slain by a leopard gecko (1 damage)
             ... on level 2 of the Dungeon.
             The game lasted 00:03:39 (513 turns).

Oravi the Grave Robber (Ghoul Necromancer)           Turns: 513, Time: 00:03:40

Health: 0/22       AC:  2    Str: 11    XL:     2   Next: 37%
Magic:  0/3        EV: 12    Int: 10    God:
Gold:   37         SH:  0    Dex:  9    Spells: 3/4 levels left

rFire    . . .     SeeInvis .   e - +2 dagger (protect)
rCold    + . .     Gourm    .   (no shield)
rNeg     + + +     Faith    .   a - +0 robe
rPois    ∞         Spirit   .   (no helmet)
rElec    .         Reflect  .   (no cloak)
rCorr    .         Harm     .   (no gloves)
MR       .....                  (no boots)
Stlth    ++........             (no amulet)
HPRegen  0.00/turn              (no ring)
MPRegen  0.08/turn              (no ring)

@: about to teleport, rotting
A: rotting body, claws 1, carnivore, cold resistance 1, negative energy
resistance 3, inhibited regeneration, torment resistance, unbreathing
a: no special abilities


You were on level 2 of the Dungeon.
You were not hungry.

You visited 1 branch of the dungeon, and saw 2 of its levels.

You collected 37 gold pieces.

Inventory:

Hand Weapons
 e - a +2 dagger of protection (weapon)
Missiles
 d - 7 stones (quivered)
 h - 9 sling bullets
 j - 15 poisoned darts
Armour
 a - a +0 robe (worn)
Scrolls
 k - a scroll of enchant weapon {unknown}
 l - a scroll of immolation {unknown}
Comestibles
 c - a ration
 i - 4 chunks of flesh


   Skills:
 + Level 0.7 Fighting
 - Level 1.7 Dodging
 - Level 2.1 Stealth
 * Level 1.2 Unarmed Combat
 + Level 1.9 Spellcasting
 + Level 4.1 Necromancy


You had 3 spell levels left.
You knew the following spells:

 Your Spells              Type           Power        Failure   Level  Hunger
a - Pain                  Necr           #...         6%          1    ##.....

Your spell library contained the following spells:

 Spells                   Type           Power        Failure   Level  Hunger
 Animate Skeleton         Necr           N/A          6%          1    ##.....
 Vampiric Draining        Necr           #.........   17%         3    ####...
 Regeneration             Chrm/Necr      #.........   38%         3    ####...
 Animate Dead             Necr           N/A          50%         4    #####..


Dungeon Overview and Level Annotations

Branches:
Dungeon (2/15)

Altars:

Annotations:
D:1 exclusions: kobold and ooze


Innate Abilities, Weirdness & Mutations

Your body is rotting away.
You thrive on raw meat.
You are immune to poison.
You have sharp fingernails.
You are carnivorous and can eat meat at any time.
Your flesh is cold resistant. (rC+)
You are immune to negative energy. (rN+++)
You do not regenerate when monsters are visible.
You are immune to unholy pain and torment.
You can survive without breathing.


Message History

The leopard gecko barely misses you. The hobgoblin barely misses you.
Casting: Pain (safe; 6% risk of failure)
Aiming: Pain (safe; 6% risk of failure)
Aim: a hobgoblin (black smoke, moderately wounded, chance to defeat MR: 76%)
Okay, then.
The leopard gecko barely misses you.
The leopard gecko bites you but does no damage.
The hobgoblin closely misses you.
You climb downwards.
There is a stone staircase leading up here.
Casting: Pain (safe; 6% risk of failure)
Aiming: Pain (safe; 6% risk of failure)
Aim: a hobgoblin (moderately wounded, chance to defeat MR: 76%)
The hobgoblin barely resists.
The leopard gecko bites you.
* * * LOW HITPOINT WARNING * * *
The hobgoblin barely misses you.
As you read the scroll labeled UTROSO SEDYOQO, it crumbles to dust.
You feel strangely unstable.
It was a scroll of teleportation.
The leopard gecko bites you.
You die...

##
..##########
.....#...(.##
............##
....)........#
....?........#
........<....#
........$.gl.#
..........@..#
......[.....##
.....#.....##
############


You could see a leopard gecko and a hobgoblin.

Vanquished Creatures
  2 giant cockroaches (D:1)
  2 goblins (D:1)
  2 hobgoblins (D:1)
  A jackal (D:1)
  2 kobolds (D:1)
  A frilled lizard (D:1)
  A rat (D:1)
11 creatures vanquished.

Notes
Turn   | Place    | Note
-------+----------+-------------------------------------------
     0 | D:1      | Oravi the Ghoul Necromancer began the quest for the Orb.
     0 | D:1      | Reached XP level 1. HP: 14/14 MP: 2/2
   415 | D:1      | Reached XP level 2. HP: 22/22 MP: 3/3
   421 | D:1      | Reached skill level 1 in Unarmed Combat
   512 | D:2      | HP: 1/22 [leopard gecko (1)]
   513 | D:2      | Slain by a leopard gecko

Levels and vault maps discovered:
D:1:      dpeg_arrival_chase, layout_rooms
D:2:      layout_rooms, gammafunk_temple_overflow_forgotten

Skill      XL: |  1  2 |
---------------+-------+-----
Unarmed Combat | 1 |  1.2
Fighting       | |  0.7
Dodging        | |  1.7
Stealth        | |  2.1
Spellcasting   | |  1.9
Necromancy     | |  4.1

Action                   || total
-------------------------++-------
Melee: Dagger            ||    18
       Unarmed           ||     1
Throw: Stone             ||    16
 Cast: Pain              ||    15
  Use: Scroll            ||     3
  Eat: Chunk             ||     2
Armor: Robe              ||     3
Dodge: Dodged            ||    22
